 Dungeon Crawl Stone Soup version 0.30.1-4-g462c640d31 (webtiles) character file.

Game seed: 16376733422959890508

2333 Heoruswealwe the Thaumaturge (level 9, -8/45 HPs)
             Began as a Deep Elf Conjurer on Aug 16, 2023.
             Was an Initiate of Vehumet.
             Mangled by Maggie
             ... wielding a +0 glaive
              (14 damage)
             ... on level 7 of the Dungeon.
             The game lasted 01:03:54 (6575 turns).

Heoruswealwe the Thaumaturge (Deep Elf Conjurer)    Turns: 6575, Time: 01:03:55

Health: -8/45      AC:  6    Str:  1 (4)  XL:     9   Next: 19%
Magic:  1/26       EV: 13    Int: 33 (34) God:    Vehumet [......]
Gold:   235        SH:  0    Dex: 19      Spells: 14/31 levels left

rFire   + + +        b - +7 short sword (drain)
rCold   . . .        (no shield)
rNeg    . . .        c - +0 robe
rPois   .            g - +0 helmet
rElec   .            h - +0 cloak
rCorr   .            f - +0 pair of gloves
SInv    .            e - +0 pair of boots
Will    .....        (no amulet)
Stlth   ++           k - +6 ring of dexterity
HPRegen 0.27/turn    j - +6 ring of intelligence
MPRegen 0.20/turn

%: no passive effects
@: about to teleport, mesmerised
A: fire resistance 3
a: Renounce Religion


You were on level 7 of the Dungeon.
You worshipped Vehumet.
Vehumet was noncommittal.
You visited 2 branches of the dungeon, and saw 8 of its levels.
You also visited: Sewer.

You collected 608 gold pieces.
You spent 373 gold pieces at shops.

Inventory:

Hand Weapons
 b - a +7 short sword of draining (weapon)
Armour
 c - a +0 robe (worn)
 e - a +0 pair of boots (worn)
 f - a +0 pair of gloves (worn)
 g - a +0 helmet (worn)
 h - a +0 cloak (worn)
 l - a +0 robe
 v - a +0 robe
 y - a +0 robe
 F - a +0 robe
 H - a +0 robe
 I - a +0 robe
 J - the +1 robe of Cautuobb {Harm rC- Slay+4}
   (You found it on level 5 of the Dungeon)

   Slay:      It affects your accuracy & damage with ranged weapons and melee
   (+4).
   rC:        It makes you vulnerable to cold.
   Harm:      It increases damage dealt and taken.
 M - a +0 robe
 O - a +0 robe
Magical Staves
 m - a staff of death
 n - a staff of fire
Jewellery
 j - a +6 ring of intelligence (right hand)
 k - a +6 ring of dexterity (left hand)
Wands
 u - a wand of flame (25)
 E - a wand of light (24)
 L - a wand of digging (5)
Scrolls
 o - a scroll of immolation
 p - 3 scrolls of fog
 q - 2 scrolls of enchant weapon
 r - 2 scrolls of teleportation
 s - 2 scrolls of amnesia
 t - 2 scrolls of magic mapping
 w - a scroll of butterflies {unknown}
 z - a scroll of fear {unknown}
 A - 3 scrolls of blinking {unknown}
 C - a scroll of poison {unknown}
 D - 3 scrolls of noise {unknown}
 G - a scroll of silence {unknown}
 K - 3 scrolls of enchant armour {unknown}
Potions
 d - a potion of mutation
 x - 4 potions of brilliance
 B - 3 potions of might
 N - a potion of invisibility {unknown}


   Skills:
 - Level 2.4 Dodging
 - Level 2.4 Stealth
 + Level 11.7 Spellcasting
 + Level 10.5 Conjurations


You had 14 spell levels left.
You knew the following spells:

 Your Spells              Type           Power      Damage    Failure   Level
a - Magic Dart            Conj           100%       1d8       1%          1
b - Searing Ray           Conj           100%       2d8       1%          2
c - Dazzling Flash        Conj/Hex       100%       N/A       1%          3
d - Hailstorm             Conj/Ice       52%        3d12      1%          3
e - Iskenderun's Mystic   Conj/Tloc      52%        2d11      2%          4
f - Fulminant Prism       Conj/Hex       26%        3d14      2%          4

Your spell library contained the following spells:

 Spells                   Type           Power      Damage    Failure   Level
 Freeze                   Ice            76%        1d8       2%          1
 Slow                     Hex            76%        N/A       2%          1
 Ensorcelled Hibernation  Hex/Ice        38%        N/A       3%          2
 Call Canine Familiar     Summ           19%        N/A       7%          3
 Confusing Touch          Hex            19%        N/A       7%          3
 Frozen Ramparts          Ice            38%        1d6       7%          3
 Ozocubu's Armour         Ice            19%        N/A       7%          3
 Portal Projectile        Hex/Tloc       38%        N/A       7%          3
 Spider Form              Tmut/Pois      19%        N/A       7%          3
 Vampiric Draining        Necr           19%        2d7       7%          3
 Volatile Blastmotes      Fire/Tloc      38%        2d13      7%          3
 Anguish                  Hex/Necr       9%         N/A       24%         4
 Animate Dead             Necr           19%        N/A       24%         4
 Leda's Liquefaction      Hex/Erth       9%         N/A       24%         4
 Starburst                Conj/Fire      26%        6d8       38%         6
 Haunt                    Necr/Summ      9%         N/A       100%        7
 Ozocubu's Refrigeration  Ice            9%         4d9       100%        7
 Infestation              Necr           9%         N/A       100%        8


Dungeon Overview and Level Annotations

Branches:
Dungeon (7/15)             Temple (1/1) D:6           Sewer (visited)

Altars:
Ashenzari
Cheibriados
Dithmenos
Fedhas
Gozag
Hepliaklqana
Kikubaaqudgha
Makhleb
Nemelex Xobeh
Okawaru
Qazlal
Sif Muna
Trog
Uskayaw
Vehumet
Wu Jian
Xom
Yredelemnul
Zin
The Shining One

Shops:
D:1 [   D:4 :   D:6 *

Annotations:
D:7 Maggie


Innate Abilities, Weirdness & Mutations

Your flesh is almost immune to the effects of heat. (rF+++)


Message History

Maggie attempts to bespell you! You resist. The ufetubus closely misses you.
The ufetubus hits you.
You hit the ufetubus.
The ufetubus is almost dead.
The ufetubus closely misses you. The ufetubus completely misses you.
Maggie hits you from afar with a +0 glaive!
You miss the ufetubus.
The ufetubus is almost dead.
The ufetubus misses you. The ufetubus hits you. Maggie closely misses you.
The ufetubus hits you but does no damage.
The ufetubus completely misses you.
You puncture the ufetubus!
You kill the ufetubus!
Vehumet accepts your kill.
Maggie hits you from afar with a +0 glaive!!
* * * LOW HITPOINT WARNING * * *
You feel much better.
Maggie gestures wildly while chanting.
Maggie attempts to bespell you!
You are mesmerised by Maggie!
Found 10 gold pieces.
Maggie barely misses you.
There is a stone staircase leading up here.
Casting: Iskenderun's Mystic Blast (dangerous; 2% risk of failure)
Confirm with . or Enter, or press ? or * to list all spells.
You erupt in a blast of force!
The mystic blast hits Maggie!
Maggie is moderately wounded.
Maggie is knocked back by the mystic blast.
Maggie points at you and mumbles some strange words.
The bolt of fire hits you! You resist.
Maggie hits you from afar with a +0 glaive!
* * * LOW HITPOINT WARNING * * *
Okay, then.
As you read the scroll of teleportation, it crumbles to dust.
You feel strangely unstable.
Maggie hits you from afar with a +0 glaive.
* * * LOW HITPOINT WARNING * * *
You cannot move away from Maggie!
Maggie closely misses you.
Maggie hits you from afar with a +0 glaive!
You die...

####....#######'#######
#.>..###.....#.......
#............+.......
#............#.......
#............#.......
#.##..#..#####.......
#########.†.........#
#†<.........#
#....@......#
#...........#
#....@......#
#...........#
#...........#
#........$..#
#...........#
#######......


You could see Maggie (mesmerising).

Vanquished Creatures
  A steam dragon (D:7)
  3 water moccasins
  A sky beast (D:6)
  Pargi (Sewer)
  An ice beast (D:5)
  An ogre (D:4)
  A centaur (D:5)
  A bullfrog (D:7)
  6 kobold brigands (D:5)
  7 hounds
  An orc priest (D:4)
  3 jellies
  Crazy Yiuf (D:5)
  2 sleepcaps
  4 iguanas
  Natasha (thrice) (D:4)
  An orc wizard (D:5)
  Terence (D:3)
  11 gnolls
  6 adders
  A shadow imp (D:6)
  A white imp (D:6)
  2 ufetubi (D:7)
  2 worms
  2 dart slugs
  13 orcs
  11 ball pythons
  4 endoplasms
  2 giant cockroaches (D:1)
  14 goblins
  8 hobgoblins
  2 jackals (D:1)
  3 quokkas
  3 bats
  2 frilled lizards
  47 kobolds
  3 rats
176 creatures vanquished.

Vanquished Creatures (others)
  3 fulminant prisms (D:7)
3 creatures vanquished.

Grand Total: 179 creatures vanquished

Notes
Turn   | Place    | Note
-------+----------+-------------------------------------------
     0 | D:1      | Heoruswealwe the Deep Elf Conjurer began the quest for the
                  | Orb.
     0 | D:1      | Reached XP level 1. HP: 10/10 MP: 6/6
    86 | D:1      | Found Fylofoes's Armour Shop.
   112 | D:1      | Bought a +0 robe for 9 gold pieces
   112 | D:1      | Bought a +0 robe for 9 gold pieces
   194 | D:1      | Reached XP level 2. HP: 15/15 MP: 4/8
   227 | D:1      | Learned a level 2 spell: Searing Ray
   579 | D:2      | Reached skill level 4 in Spellcasting
   600 | D:2      | Reached skill level 5 in Conjurations
   600 | D:2      | Reached XP level 3. HP: 16/19 MP: 2/10
   604 | D:2      | Learned a level 3 spell: Dazzling Flash
  1221 | D:2      | Reached XP level 4. HP: 24/24 MP: 10/12
  1226 | D:2      | Learned a level 4 spell: Fulminant Prism
  1262 | D:2      | Reached skill level 5 in Spellcasting
  1858 | D:3      | Noticed Terence
  1874 | D:3      | Killed Terence
  2151 | D:4      | Reached XP level 5. HP: 27/28 MP: 5/15
  2156 | D:4      | Learned a level 4 spell: Iskenderun's Mystic Blast
  2224 | D:4      | Noticed Natasha
  2233 | D:4      | Killed Natasha
  2234 | D:4      | Reached skill level 6 in Spellcasting
  2244 | D:4      | Noticed Natasha
  2248 | D:4      | Killed Natasha
  2415 | D:4      | Noticed an ogre
  2424 | D:4      | Killed an ogre
  2425 | D:4      | Reached XP level 6. HP: 12/32 MP: 7/17
  2653 | D:4      | Found Tuigg's Book Emporium.
  2805 | D:4      | Noticed Natasha
  2813 | D:4      | Killed Natasha
  2893 | D:4      | Found a burning altar of Makhleb.
  2897 | D:4      | Reached skill level 7 in Spellcasting
  3000 | D:4      | Bought a book of Frost for 260 gold pieces
  3030 | D:4      | Learned a level 3 spell: Hailstorm
  3120 | D:5      | Entered Level 5 of the Dungeon
  3381 | D:5      | Noticed a water moccasin
  3390 | D:5      | Killed a water moccasin
  3390 | D:5      | Noticed a water moccasin
  3391 | D:5      | Reached XP level 7. HP: 20/36 MP: 1/20
  3452 | D:5      | Reached skill level 8 in Spellcasting
  3666 | D:5      | Found a shimmering altar of Xom.
  3695 | D:5      | Found an ornate altar of the Wu Jian Council.
  3699 | D:5      | Identified the +1 robe of Cautuobb {Harm rC- Slay+4}
  4000 | D:5      | Reached skill level 9 in Spellcasting
  4040 | D:5      | Reached XP level 8. HP: 41/41 MP: 13/23
  4099 | D:5      | Found a runed translucent door.
  4100 | D:5      | Noticed Crazy Yiuf
  4106 | D:5      | Killed Crazy Yiuf
  4483 | D:5      | Reached skill level 10 in Spellcasting
  5170 | D:5      | Gained mutation: Your flesh is heat resistant. (rF+)
                  | [potion of mutation]
  5170 | D:5      | Gained mutation: Your flesh is very heat resistant. (rF++)
                  | [potion of mutation]
  5170 | D:5      | Gained mutation: Your flesh is almost immune to the effects
                  | of heat. (rF+++) [potion of mutation]
  5243 | D:6      | Found Ving's Assorted Antiques.
  5253 | D:6      | Bought a scroll labelled BOLI BAUMNUME for 19 gold pieces
  5253 | D:6      | Bought a scroll labelled HYJALUNANK for 19 gold pieces
  5253 | D:6      | Bought a scroll labelled AJYEVEFALO for 19 gold pieces
  5253 | D:6      | Bought a scroll labelled HAT HENYFIOT for 19 gold pieces
  5253 | D:6      | Bought a scroll labelled AJYEVEFALO for 19 gold pieces
  5584 | D:6      | Found a glowing drain.
  5588 | Sewer    | Entered a sewer
  5693 | Sewer    | Noticed Pargi
  5699 | Sewer    | Killed Pargi
  5700 | Sewer    | Reached skill level 11 in Spellcasting
  5700 | Sewer    | Reached skill level 10 in Conjurations
  6046 | D:6      | Found a staircase to the Ecumenical Temple.
  6065 | D:6      | Reached XP level 9. HP: 45/45 MP: 19/26
  6075 | Temple   | Entered the Ecumenical Temple
  6082 | Temple   | Became a worshipper of Vehumet
  6551 | D:7      | Noticed Maggie
  6575 | D:7      | Mangled by Maggie

Illustrated notes

Levels and vault maps discovered:
D:1:      scummos_arrival_star, layout_rooms, serial_shops,
          nicolae_shop_scrapyard
D:2:      layout_basic
D:3:      layout_loops_ring, uniq_terence
D:4:      layout_basic, makhleb_blood_cavern_becter, serial_shops, shop,
          minmay_misc_feat_five, minmay_misc_feat_diagonals,
          minmay_goblin_kobold_house, uniq_natasha
D:5:      minmay_goblin_kobold_castle, layout_basic,
          mainiacjoe_overflow_tiny_flanked, nrook_loot_triangle,
          minmay_ruined_shrine, uniq_crazy_yiuf_cottage
D:6:      layout_layer_cave, minmay_temple_entry_slanted, serial_shops, shop,
          gup_sewer_entry_bowl, grunt_ministairs_12
D:7:      layout_gridville, hangedman_decor_diamond_cutter, uniq_maggie
Temple:   nicolae_temple_no_exploring_needed

Skill      XL: |  1  2  3  4  5  6  7  8 |
---------------+-------------------------+-----
Spellcasting   | 4 5 6 7 9 11 | 11.7
Conjurations   | 5 6 7 8 10 | 10.5
Dodging        | |  2.4
Stealth        | |  2.4

Action                     |  1- 3 |  4- 6 |  7- 9 || total
---------------------------+-------+-------+-------++-------
  Melee: Unarmed           |     7 |       |       ||     7
         Short sword       |       |       |     9 ||     9
   Cast: Magic Dart        |    60 |    60 |   150 ||   270
         Searing Ray       |       |    17 |    12 ||    29
         Iskenderun's Myst |       |     3 |    24 ||    27
         Hailstorm         |       |     1 |     9 ||    10
         Fulminant Prism   |       |       |     3 ||     3
    Use: Potion            |       |     1 |    10 ||    11
         Scroll            |       |       |    10 ||    10
 Armour: Robe              |     4 |     5 |    20 ||    29
  Dodge: Dodged            |     7 |    12 |    63 ||    82
